[Event "FICS rated blitz game"]
[Site "FICS freechess.org"]
[FICSGamesDBGameNo "20002064"]
[White "Tadeo"]
[Black "marval"]
[WhiteElo "1251"]
[BlackElo "1584"]
[WhiteRD "na"]
[BlackRD "na"]
[TimeControl "180+0"]
[Date "1999.09.24"]
[Time "15:36:00"]
[WhiteClock "0:03:00.000"]
[BlackClock "0:03:00.000"]
[ECO "C50"]
[PlyCount "52"]
[Result "0-1"]

1. e4 e5 2. Nf3 Nc6 3. Bc4 Bc5 4. d3 Nf6 5. Nc3 h6 6. Nd5 d6 7. Nxf6+ gxf6 8. Qe2 Bg4 9. h3 Nd4 10. Qd1 Bxf3 11. gxf3 Qd7 12. c3 Nc6 13. f4 O-O-O 14. Qe2 Rhg8 15. f5 Rg2 16. Bxh6 Bxf2+ 17. Kd1 Rdg8 18. Rf1 Bh4 19. Qf3 R2g3 20. Qe2 Rg2 21. Qf3 Rxb2 22. Kc1 Rgg2 23. Qh5 Bg5+ 24. Bxg5 fxg5 25. Qh8+ Nd8 26. Qg8 Qa4 {White forfeits on time} 0-1

[Event "FICS rated blitz game"]
[Site "FICS freechess.org"]
[FICSGamesDBGameNo "20002062"]
[White "Principe"]
[Black "Kikaider"]
[WhiteElo "1205"]
[BlackElo "1122"]
[WhiteRD "na"]
[BlackRD "na"]
[TimeControl "180+0"]
[Date "1999.09.24"]
[Time "15:33:00"]
[WhiteClock "0:03:00.000"]
[BlackClock "0:03:00.000"]
[ECO "B01"]
[PlyCount "42"]
[Result "0-1"]

1. e4 d5 2. d3 dxe4 3. dxe4 Qxd1+ 4. Kxd1 Nf6 5. Nc3 b6 6. Be3 Nbd7 7. Bd3 Bb7 8. Bb5 O-O-O 9. Bxd7+ Rxd7+ 10. Bd2 e6 11. Nf3 Bb4 12. g3 Bxc3 13. bxc3 Bxe4 14. Rb1 Bxf3+ 15. Ke1 Bxh1 16. Bg5 Ne4 17. Be3 Nxc3 18. Rb3 Nxa2 19. Rb2 Nb4 20. Rxb4 Bf3 21. Kf1 Rd1# {White checkmated} 0-1

[Event "FICS rated blitz game"]
[Site "FICS freechess.org"]
[FICSGamesDBGameNo "20002061"]
[White "Musha"]
[Black "thatha"]
[WhiteElo "1647"]
[BlackElo "1512"]
[WhiteRD "na"]
[BlackRD "na"]
[TimeControl "300+0"]
[Date "1999.09.24"]
[Time "14:30:00"]
[WhiteClock "0:05:00.000"]
[BlackClock "0:05:00.000"]
[ECO "B08"]
[PlyCount "79"]
[Result "1-0"]

1. e4 g6 2. d4 Bg7 3. Nf3 d6 4. Nc3 Nf6 5. Bc4 O-O 6. O-O Re8 7. Qe2 c6 8. Bg5 Bg4 9. h3 Bxf3 10. Qxf3 Qc7 11. Rad1 Nbd7 12. Rfe1 e5 13. d5 b5 14. dxc6 bxc4 15. cxd7 Nxd7 16. Nd5 Qb7 17. Ne7+ Kf8 18. Rxd6 Nc5 19. Rd5 Rxe7 20. Rxc5 Rc7 21. Rxc7 Qxc7 22. Rd1 Rd8 23. Qa3+ Kg8 24. Bxd8 Qc6 25. Bg5 h6 26. Rd8+ Kh7 27. Be3 Qxe4 28. Qc3 Qf5 29. Qxc4 e4 30. Bd4 Qg5 31. Bxg7 Qxd8 32. Qd4 Qe8 33. c4 e3 34. fxe3 Qe6 35. c5 Qf5 36. Bf8 f6 37. c6 Qb1+ 38. Kh2 Qxa2 39. Qd7+ Kg8 40. Qg7# {Black checkmated} 1-0

[Event "FICS rated blitz game"]
[Site "FICS freechess.org"]
[FICSGamesDBGameNo "20002059"]
[White "Jah"]
[Black "riese"]
[WhiteElo "1567"]
[BlackElo "1563"]
[WhiteRD "na"]
[BlackRD "na"]
[TimeControl "300+2"]
[Date "1999.09.24"]
[Time "13:48:00"]
[WhiteClock "0:05:00.000"]
[BlackClock "0:05:00.000"]
[ECO "B21"]
[PlyCount "49"]
[Result "1-0"]

1. e4 c5 2. d4 cxd4 3. c3 dxc3 4. Nxc3 Nc6 5. Bc4 e6 6. Nf3 a6 7. O-O Bc5 8. Qe2 Nge7 9. Rd1 O-O 10. e5 b5 11. Bd3 Ng6 12. Ne4 Nd4 13. Nxd4 Bxd4 14. Ng5 Qb6 15. Qh5 h6 16. Nxf7 Bxf2+ 17. Kh1 Nf4 18. Nxh6+ gxh6 19. Bxf4 Rxf4 20. Qe8+ Kg7 21. Qg6+ Kf8 22. Qxh6+ Ke7 23. Qxf4 Bb7 24. Qf6+ Ke8 25. Bg6# {Black checkmated} 1-0

[Event "FICS rated blitz game"]
[Site "FICS freechess.org"]
[FICSGamesDBGameNo "20002058"]
[White "Mordak"]
[Black "kegenzab"]
[WhiteElo "1486"]
[BlackElo "1579"]
[WhiteRD "na"]
[BlackRD "na"]
[TimeControl "240+0"]
[Date "1999.09.24"]
[Time "13:33:00"]
[WhiteClock "0:04:00.000"]
[BlackClock "0:04:00.000"]
[ECO "B60"]
[PlyCount "170"]
[Result "0-1"]

1. e4 c5 2. Nf3 Nc6 3. d4 cxd4 4. Nxd4 d6 5. Nc3 Nf6 6. Bg5 a6 7. f4 e5 8. fxe5 dxe5 9. Nxc6 bxc6 10. Bc4 Qxd1+ 11. Rxd1 Bb4 12. O-O Bg4 13. Rd2 O-O 14. Bxf6 gxf6 15. Rxf6 Kg7 16. Rdf2 Bc5 17. Nd1 Bxf2+ 18. Rxf2 Be6 19. Bd3 f5 20. exf5 Bxf5 21. Bxf5 Rad8 22. Bd3 Rxf2 23. Kxf2 h6 24. Ne3 Kf6 25. Ke2 Kg5 26. Bxa6 Ra8 27. Bc4 Rb8 28. b3 Ra8 29. a4 Kf4 30. g4 e4 31. h3 Kg3 32. Be6 Rf8 33. Nf5+ Kxh3 34. Nxh6 Rf6 35. g5+ Rxe6 36. Ke3 Kh4 37. Nf7 Kh5 38. c4 Kg6 39. Nd8 Re8 40. Nxc6 Kxg5 41. Nd4 Kf6 42. Nb5 Ke5 43. b4 Rd8 44. a5 Rd3+ 45. Ke2 Rb3 46. a6 Rxb4 47. a7 Ra4 48. c5 Kd5 49. Ke3 Kxc5 50. Nc7 Rxa7 51. Ne6+ Kd5 52. Ng5 Ra4 53. Kd2 Kd4 54. Ne6+ Ke5 55. Nc5 Rc4 56. Nd7+ Kf4 57. Nf6 e3+ 58. Ke2 Rd4 59. Nh5+ Ke4 60. Ng3+ Kf4 61. Nf1 Ra4 62. Nxe3 Ra2+ 63. Kd3 Ra3+ 64. Kd4 Rxe3 65. Kc4 Ke4 66. Kc5 Rd3 67. Kc4 Re3 68. Kc5 Rc3+ 69. Kd6 Kd4 70. Ke6 Rc5 71. Kd6 Rd5+ 72. Ke6 Ke4 73. Kf6 Re5 74. Kg6 Kf4 75. Kf6 Ke4 76. Kg6 Ke3 77. Kf6 Kf4 78. Kg6 Rf5 79. Kg7 Rf6 80. Kg8 Kg5 81. Kg7 Kf5 82. Kh7 Rg6 83. Kh8 Kf6 84. Kh7 Kf7 85. Kh8 Rh6# {White checkmated} 0-1

[Event "FICS rated blitz game"]
[Site "FICS freechess.org"]
[FICSGamesDBGameNo "20002057"]
[White "Rai"]
[Black "killerbie"]
[WhiteElo "1673"]
[BlackElo "1806"]
[WhiteRD "na"]
[BlackRD "na"]
[TimeControl "180+0"]
[Date "1999.09.24"]
[Time "12:32:00"]
[WhiteClock "0:03:00.000"]
[BlackClock "0:03:00.000"]
[ECO "A57"]
[PlyCount "59"]
[Result "1-0"]

1. d4 Nf6 2. c4 c5 3. d5 b5 4. Nc3 b4 5. Nb1 g6 6. Qc2 Bg7 7. Nd2 d6 8. e3 O-O 9. Rb1 e6 10. e4 exd5 11. exd5 Re8+ 12. Be2 Bf5 13. Qd1 Bxb1 14. Nxb1 Qe7 15. Nf3 Nbd7 16. Be3 Ng4 17. Bg5 Qe4 18. Nbd2 Qf5 19. O-O Bxb2 20. h3 Nge5 21. Qb3 Bc3 22. Be3 Nxf3+ 23. Nxf3 a5 24. a4 Ne5 25. Nxe5 Bxe5 26. Bg4 Qf6 27. Qd1 Bc3 28. Qc1 Bd4 29. Bg5 Qe5 30. Bf4 {Black forfeits on time} 1-0

[Event "FICS rated lightning game"]
[Site "FICS freechess.org"]
[FICSGamesDBGameNo "20002056"]
[White "Wooky"]
[Black "pdeck"]
[WhiteElo "1887"]
[BlackElo "2057"]
[WhiteRD "na"]
[BlackRD "na"]
[TimeControl "60+0"]
[Date "1999.09.24"]
[Time "09:37:00"]
[WhiteClock "0:01:00.000"]
[BlackClock "0:01:00.000"]
[ECO "A40"]
[PlyCount "88"]
[Result "0-1"]

1. d4 e6 2. Bf4 d5 3. e3 Bd6 4. Nf3 Bxf4 5. exf4 Qd6 6. Qd2 Nf6 7. Bd3 Nc6 8. O-O Ne7 9. c3 O-O 10. Re1 c5 11. Na3 cxd4 12. cxd4 a6 13. Nc2 b5 14. Ne3 Bd7 15. g3 b4 16. Ng2 a5 17. Ngh4 a4 18. Ng5 h6 19. Ngf3 b3 20. Ne5 bxa2 21. Rxa2 Be8 22. g4 Nc6 23. f5 Nxd4 24. fxe6 fxe6 25. Neg6 Bxg6 26. Bxg6 Nf3+ 27. Nxf3 Ne4 28. Qd3 Nf6 29. Ne5 Rae8 30. Qg3 Ne4 31. Qg2 Qe7 32. Rxa4 Qg5 33. Raxe4 dxe4 34. Rxe4 Qf6 35. Re1 Rb8 36. h3 Rxb2 37. Kh2 Rxf2 38. Kg3 Rxg2+ 39. Kxg2 Qf2+ 40. Kh1 Qxe1+ 41. Kh2 Qxe5+ 42. Kg2 Rb8 43. g5 Rb2+ 44. Kf1 Qf4+ {White resigns} 0-1

[Event "FICS rated blitz game"]
[Site "FICS freechess.org"]
[FICSGamesDBGameNo "20002054"]
[White "Niv"]
[Black "Veblen"]
[WhiteElo "1433"]
[BlackElo "1522"]
[WhiteRD "na"]
[BlackRD "na"]
[TimeControl "240+0"]
[Date "1999.09.24"]
[Time "08:34:00"]
[WhiteClock "0:04:00.000"]
[BlackClock "0:04:00.000"]
[ECO "A30"]
[PlyCount "107"]
[Result "1-0"]

1. c4 c5 2. g3 Nc6 3. Bg2 Qc7 4. Nc3 Nf6 5. d3 g6 6. Nf3 Bg7 7. Bf4 d6 8. Qd2 O-O 9. Bh6 a6 10. O-O e5 11. a3 Ng4 12. Bxg7 Kxg7 13. Nd5 Qd8 14. Nh4 f5 15. f3 Nf6 16. f4 Ne7 17. Nc3 Ng4 18. h3 Nf6 19. fxe5 Bd7 20. exf6+ Rxf6 21. Nd5 Nxd5 22. Bxd5 Rb8 23. Qc3 Kf8 24. g4 f4 25. Ng2 g5 26. h4 h6 27. hxg5 hxg5 28. Rf3 Bc6 29. Bxc6 bxc6 30. Kf2 Rb7 31. Rh1 Qe7 32. Rfh3 Ke8 33. Ne1 f3 34. Nxf3 Kd7 35. Rh7 Rf7 36. Rxf7 Qxf7 37. Qd2 Qf6 38. Ke1 Rxb2 39. Qxg5 Rb1+ 40. Kf2 Qxg5 41. Rh7+ Qe7 42. Rxe7+ Kxe7 43. Ng5 Ra1 44. a4 Rxa4 45. Ne4 d5 46. cxd5 cxd5 47. Nxc5 Rxg4 48. Nxa6 Kd6 49. Nb4 Rxb4 50. Ke3 d4+ 51. Kd2 Rb2+ 52. Kd1 Ke5 53. Ke1 Kf4 54. Kf2 {Black forfeits on time} 1-0

[Event "FICS rated blitz game"]
[Site "FICS freechess.org"]
[FICSGamesDBGameNo "20002053"]
[White "yokke"]
[Black "KnightMate"]
[WhiteElo "1620"]
[BlackElo "1708"]
[WhiteRD "na"]
[BlackRD "na"]
[TimeControl "180+0"]
[Date "1999.09.24"]
[Time "07:47:00"]
[WhiteClock "0:03:00.000"]
[BlackClock "0:03:00.000"]
[ECO "B07"]
[PlyCount "67"]
[Result "1-0"]

1. e4 d6 2. d4 Nf6 3. Bd3 Nc6 4. c3 e5 5. d5 Ne7 6. Ne2 g6 7. Bg5 Bg7 8. O-O h6 9. Bh4 g5 10. Bg3 Nh5 11. f3 Nxg3 12. Nxg3 h5 13. Nd2 h4 14. Ne2 f5 15. Qe1 fxe4 16. Bxe4 Bf5 17. Kh1 Qd7 18. Ng1 O-O-O 19. Bxf5 Nxf5 20. Ne4 Rdg8 21. Nxg5 Bh6 22. Ne6 Ng3+ 23. hxg3 hxg3 24. Nh3 Bf4 25. Qe4 Rxh3+ 26. gxh3 g2+ 27. Kg1 gxf1=Q+ 28. Kxf1 Qe7 29. Nxf4 Qg5 30. Ne2 Qg2+ 31. Ke1 Qh1+ 32. Kd2 Qxa1 33. Qf5+ Kb8 34. Qe6 {Black forfeits on time} 1-0

[Event "FICS rated blitz game"]
[Site "FICS freechess.org"]
[FICSGamesDBGameNo "20002052"]
[White "Kuzmic"]
[Black "RalfSell"]
[WhiteElo "1337"]
[BlackElo "1390"]
[WhiteRD "na"]
[BlackRD "na"]
[TimeControl "180+0"]
[Date "1999.09.24"]
[Time "06:42:00"]
[WhiteClock "0:03:00.000"]
[BlackClock "0:03:00.000"]
[ECO "B27"]
[PlyCount "34"]
[Result "0-1"]

1. e4 c5 2. Nf3 g6 3. d4 cxd4 4. Nxd4 Bg7 5. Nc3 e6 6. Nf3 Ne7 7. Bf4 a6 8. Qb1 Nbc6 9. Qd1 O-O 10. Qe2 b5 11. Kd1 Bb7 12. Qe3 Rc8 13. Bd3 Nb4 14. Ke2 Nxd3 15. Qxd3 d5 16. exd5 Nxd5 17. Rad1 Nxf4+ {White resigns} 0-1

[Event "FICS rated blitz game"]
[Site "FICS freechess.org"]
[FICSGamesDBGameNo "20002051"]
[White "vigo"]
[Black "ifn"]
[WhiteElo "1737"]
[BlackElo "1607"]
[WhiteRD "na"]
[BlackRD "na"]
[TimeControl "180+0"]
[Date "1999.09.24"]
[Time "05:17:00"]
[WhiteClock "0:03:00.000"]
[BlackClock "0:03:00.000"]
[ECO "D10"]
[PlyCount "89"]
[Result "1-0"]

1. d4 d5 2. c4 c6 3. Nc3 Nf6 4. Bg5 Bf5 5. Nf3 Nbd7 6. e3 e6 7. Ne5 Be7 8. Nf3 O-O 9. Be2 Qc7 10. cxd5 exd5 11. Bd3 Bg6 12. Qc2 Rfe8 13. h4 h6 14. Bf4 Bxd3 15. Qxd3 Bd6 16. Bxd6 Qxd6 17. O-O Ne4 18. Nd2 Ndf6 19. f3 Nxd2 20. Qxd2 Qg3 21. Qf2 Nh5 22. Rae1 Re7 23. Qxg3 Nxg3 24. Rf2 Rae8 25. Kh2 Nf5 26. e4 Nxh4 27. e5 f6 28. f4 Nf5 29. g4 Nxd4 30. Rd2 Nf3+ 31. Kg3 Nxd2 32. Rd1 Ne4+ 33. Nxe4 fxe5 34. Nd6 exf4+ 35. Kxf4 Rf8+ 36. Kg3 Ref7 37. Nxf7 Rxf7 38. Kg2 Kh7 39. Rf1 Rxf1 40. Kxf1 Kg6 41. Kf2 Kg5 42. Kf3 Kh4 43. Kf4 g5+ 44. Kf5 Kg3 45. b3 {Black forfeits on time} 1-0

[Event "FICS rated blitz game"]
[Site "FICS freechess.org"]
[FICSGamesDBGameNo "20002050"]
[White "urk"]
[Black "tseus"]
[WhiteElo "1857"]
[BlackElo "1542"]
[WhiteRD "na"]
[BlackRD "na"]
[TimeControl "300+0"]
[Date "1999.09.24"]
[Time "02:13:00"]
[WhiteClock "0:05:00.000"]
[BlackClock "0:05:00.000"]
[ECO "A06"]
[PlyCount "72"]
[Result "0-1"]

1. Nf3 d5 2. b3 Nf6 3. Bb2 e6 4. a3 c5 5. e3 Be7 6. d4 Nbd7 7. Nbd2 a6 8. Bd3 b5 9. c4 Bb7 10. cxb5 axb5 11. Bxb5 Ba6 12. Bxa6 Rxa6 13. O-O Rc6 14. Ne5 Nxe5 15. dxe5 Nd7 16. Nf3 Qc8 17. Rc1 O-O 18. Qe2 Qb7 19. Qd3 Rb8 20. Rc3 c4 21. bxc4 Qxb2 22. Nd4 Rxc4 23. Rxc4 dxc4 24. Qxc4 Nb6 25. Qc7 Nd5 26. Qd7 Qb7 27. Qa4 Ra8 28. Qc2 Rc8 29. Qd2 Bxa3 30. Qd3 Rc3 31. Qe2 Qb2 32. Qa6 h6 33. Nb5 Rc1 34. Nxa3 Rxf1+ 35. Kxf1 Nc3 36. Ke1 Qc1# {White checkmated} 0-1

[Event "FICS rated blitz game"]
[Site "FICS freechess.org"]
[FICSGamesDBGameNo "20002049"]
[White "Nihilist"]
[Black "sonikf"]
[WhiteElo "1426"]
[BlackElo "1433"]
[WhiteRD "na"]
[BlackRD "na"]
[TimeControl "300+0"]
[Date "1999.09.24"]
[Time "00:25:00"]
[WhiteClock "0:05:00.000"]
[BlackClock "0:05:00.000"]
[ECO "C61"]
[PlyCount "43"]
[Result "1-0"]

1. e4 e5 2. Nf3 Nc6 3. Bb5 Nd4 4. Nxd4 exd4 5. O-O Bc5 6. d3 Ne7 7. f4 O-O 8. Nd2 a6 9. Bc4 d5 10. Bb3 dxe4 11. Nxe4 Ba7 12. f5 Bxf5 13. Ng3 Bg6 14. Bg5 Qd6 15. Qf3 Nc6 16. Rae1 Ne5 17. Qf4 Nc6 18. Qxd6 cxd6 19. Re2 Ne5 20. Ne4 Rad8 21. Bxd8 Rxd8 22. Nxd6 {Black resigns} 1-0

[Event "FICS rated blitz game"]
[Site "FICS freechess.org"]
[FICSGamesDBGameNo "20002048"]
[White "galisine"]
[Black "Rainer"]
[WhiteElo "1435"]
[BlackElo "1434"]
[WhiteRD "na"]
[BlackRD "na"]
[TimeControl "300+0"]
[Date "1999.09.23"]
[Time "23:40:00"]
[WhiteClock "0:05:00.000"]
[BlackClock "0:05:00.000"]
[ECO "C25"]
[PlyCount "36"]
[Result "0-1"]

1. e4 e5 2. Nc3 Nc6 3. g3 d6 4. Bg2 Be6 5. d3 Qd7 6. Be3 Nf6 7. h3 O-O-O 8. Qd2 d5 9. exd5 Nxd5 10. Nge2 Nxc3 11. Nxc3 Bb4 12. a3 Bxc3 13. Qxc3 Bd5 14. Bxd5 Qxd5 15. O-O-O f6 16. d4 exd4 17. Bxd4 Nxd4 18. Rhe1 Ne2+ {White resigns} 0-1

[Event "FICS rated blitz game"]
[Site "FICS freechess.org"]
[FICSGamesDBGameNo "20002047"]
[White "Solidster"]
[Black "perfessor"]
[WhiteElo "1512"]
[BlackElo "1632"]
[WhiteRD "na"]
[BlackRD "na"]
[TimeControl "120+12"]
[Date "1999.09.23"]
[Time "23:04:00"]
[WhiteClock "0:02:00.000"]
[BlackClock "0:02:00.000"]
[ECO "B23"]
[PlyCount "67"]
[Result "1-0"]

1. e4 c5 2. Nc3 Nc6 3. f4 g6 4. Bb5 Nd4 5. Bd3 d6 6. Nf3 Bg4 7. h3 Bxf3 8. gxf3 e5 9. h4 exf4 10. Be2 Nf6 11. d3 Nh5 12. Nd5 Ng3 13. Bxf4 Nxh1 14. Kd2 Qxh4 15. Qxh1 Qxh1 16. Rxh1 O-O-O 17. Bd1 h5 18. Bg5 Re8 19. Bf6 Rh7 20. Bxd4 Bg7 21. Bxg7 Rxg7 22. f4 Rh8 23. Nf6 h4 24. Bg4+ Kd8 25. e5 dxe5 26. fxe5 g5 27. c3 Kc7 28. d4 cxd4 29. cxd4 Rd8 30. Ke3 Rg6 31. Rc1+ Kb6 32. Ke4 Rh6 33. Bh3 Rg6 34. d5 {Black resigns} 1-0

[Event "FICS rated blitz game"]
[Site "FICS freechess.org"]
[FICSGamesDBGameNo "20002046"]
[White "OnlyOne"]
[Black "kotov"]
[WhiteElo "1663"]
[BlackElo "1737"]
[WhiteRD "na"]
[BlackRD "na"]
[TimeControl "120+12"]
[Date "1999.09.23"]
[Time "21:48:00"]
[WhiteClock "0:02:00.000"]
[BlackClock "0:02:00.000"]
[ECO "A45"]
[PlyCount "92"]
[Result "0-1"]

1. d4 Nf6 2. e3 g6 3. Bd3 Bg7 4. Nf3 O-O 5. c4 b6 6. Nc3 Bb7 7. e4 c5 8. d5 d6 9. O-O e6 10. dxe6 fxe6 11. e5 dxe5 12. Nxe5 Nc6 13. Nxc6 Bxc6 14. Re1 Qd6 15. f3 Rad8 16. Bc2 Qc7 17. Qe2 Nh5 18. Bg5 Rde8 19. Ne4 Bxb2 20. Rad1 Bd4+ 21. Kh1 Nf4 22. Bxf4 Qxf4 23. g3 Qxf3+ 24. Qxf3 Rxf3 25. Kg2 Ref8 26. Re2 h5 27. Rde1 h4 28. a3 Rxa3 29. Kh3 hxg3 30. hxg3 Rff3 31. Rg2 e5 32. Nd2 Rfc3 33. Be4 Bxe4 34. Rxe4 Rc2 35. Nb1 Raa2 36. Rxc2 Rxc2 37. Na3 Rc3 38. Nb5 Rxc4 39. Nxa7 Kf7 40. Nc8 Rb4 41. Kg4 c4 42. Na7 c3 43. Nc6 c2 44. Nxb4 c1=Q 45. Nd5 Qd1+ 46. Kg5 Qh5# {White checkmated} 0-1

[Event "FICS rated lightning game"]
[Site "FICS freechess.org"]
[FICSGamesDBGameNo "20002045"]
[White "jkoss"]
[Black "Blocker"]
[WhiteElo "1683"]
[BlackElo "1684"]
[WhiteRD "na"]
[BlackRD "na"]
[TimeControl "120+0"]
[Date "1999.09.23"]
[Time "20:42:00"]
[WhiteClock "0:02:00.000"]
[BlackClock "0:02:00.000"]
[ECO "A40"]
[PlyCount "64"]
[Result "0-1"]

1. d4 e6 2. e3 d5 3. Bd3 Bd6 4. Nd2 Nf6 5. f4 O-O 6. c3 c5 7. Ngf3 cxd4 8. exd4 Nc6 9. Ne5 Qc7 10. Ndf3 Nd7 11. Bxh7+ Kxh7 12. Ng5+ Kh6 13. Nexf7+ Rxf7 14. Nxf7+ Kg6 15. Nxd6 Qxd6 16. Qg4+ Kf7 17. h4 Nf6 18. Qg5 Bd7 19. h5 Rh8 20. h6 gxh6 21. Rxh6 Rxh6 22. Qxh6 Ne7 23. Be3 Nf5 24. Qh3 Bb5 25. Kd2 Ne4+ 26. Kc2 Qa6 27. Rd1 Be2 28. Rd2 Nxd2 29. Bxd2 Qxa2 30. Qh7+ Ng7 31. Qh4 Qa4+ 32. Kc1 Bd3 {White resigns} 0-1

[Event "FICS rated blitz game"]
[Site "FICS freechess.org"]
[FICSGamesDBGameNo "20002044"]
[White "tbd"]
[Black "asianzcanplay"]
[WhiteElo "1425"]
[BlackElo "1614"]
[WhiteRD "na"]
[BlackRD "na"]
[TimeControl "180+0"]
[Date "1999.09.23"]
[Time "19:22:00"]
[WhiteClock "0:03:00.000"]
[BlackClock "0:03:00.000"]
[ECO "A52"]
[PlyCount "46"]
[Result "0-1"]

1. d4 Nf6 2. c4 e5 3. dxe5 Ng4 4. Nc3 Nxe5 5. e4 Bb4 6. Nf3 d6 7. Be2 O-O 8. O-O Bxc3 9. bxc3 Bg4 10. Nxe5 Bxe2 11. Qxe2 dxe5 12. Qg4 Qf6 13. Be3 Nc6 14. Rad1 Rfe8 15. f4 exf4 16. Rxf4 Qxc3 17. Rf3 Qxc4 18. Rdf1 Rxe4 19. Qg5 Rae8 20. Bc1 Nd4 21. Rg3 Ne2+ 22. Kh1 Nxg3+ 23. Qxg3 Qxf1# {White checkmated} 0-1

[Event "FICS rated blitz game"]
[Site "FICS freechess.org"]
[FICSGamesDBGameNo "20002043"]
[White "Seku"]
[Black "Handyman"]
[WhiteElo "1609"]
[BlackElo "1669"]
[WhiteRD "na"]
[BlackRD "na"]
[TimeControl "180+0"]
[Date "1999.09.23"]
[Time "17:49:00"]
[WhiteClock "0:03:00.000"]
[BlackClock "0:03:00.000"]
[ECO "B01"]
[PlyCount "70"]
[Result "1-0"]

1. e4 d5 2. exd5 Qxd5 3. Nc3 Qd8 4. Nf3 Nf6 5. d4 Bg4 6. Be2 Nbd7 7. O-O e6 8. Re1 Be7 9. d5 exd5 10. Nxd5 Nxd5 11. Qxd5 c6 12. Qe4 Nf6 13. Qa4 O-O 14. Bg5 Bh5 15. Ne5 Bxe2 16. Rxe2 h6 17. Bh4 Re8 18. Rae1 Qb6 19. Bxf6 Bxf6 20. Nd7 Rxe2 21. Rxe2 Qxb2 22. Nxf6+ Qxf6 23. h3 Qd6 24. Qe4 Rd8 25. a4 a6 26. c4 Rd7 27. c5 Qd5 28. Qe8+ Kh7 29. Re7 Rxe7 30. Qxe7 Qb3 31. Qe4+ g6 32. Qe7 Qe6 33. Qxb7 Qe1+ 34. Kh2 Qe5+ 35. Kg1 Qe1+ {Black forfeits on time} 1-0

[Event "FICS rated blitz game"]
[Site "FICS freechess.org"]
[FICSGamesDBGameNo "20002042"]
[White "Kingo"]
[Black "Baselope"]
[WhiteElo "1152"]
[BlackElo "1139"]
[WhiteRD "na"]
[BlackRD "na"]
[TimeControl "300+12"]
[Date "1999.09.23"]
[Time "17:09:00"]
[WhiteClock "0:05:00.000"]
[BlackClock "0:05:00.000"]
[ECO "C68"]
[PlyCount "59"]
[Result "1-0"]

1. e4 e5 2. Nf3 Nc6 3. Bb5 a6 4. Bxc6 bxc6 5. Nxe5 Nf6 6. d3 Bc5 7. O-O O-O 8. Nc3 Bd4 9. Bf4 Re8 10. Nf3 c5 11. Be3 Rb8 12. Rb1 d5 13. exd5 Bxc3 14. bxc3 Rxb1 15. Qxb1 Qxd5 16. Qb3 Bb7 17. Qxd5 Bxd5 18. Nd2 Bxa2 19. Ra1 Be6 20. Rxa6 Nd7 21. Ne4 c4 22. d4 Nb6 23. Ra7 Re7 24. Bf4 h6 25. Rxc7 Rxc7 26. Bxc7 Nd5 27. Ba5 Bf5 28. f3 Ne3 29. Nd6 Nxc2 30. Nxf5 {Black resigns} 1-0

[Event "FICS rated blitz game"]
[Site "FICS freechess.org"]
[FICSGamesDBGameNo "20002041"]
[White "Itai"]
[Black "duzzo"]
[WhiteElo "1054"]
[BlackElo "1103"]
[WhiteRD "na"]
[BlackRD "na"]
[TimeControl "240+12"]
[Date "1999.09.23"]
[Time "17:09:00"]
[WhiteClock "0:04:00.000"]
[BlackClock "0:04:00.000"]
[ECO "C00"]
[PlyCount "54"]
[Result "0-1"]

1. e4 e6 2. d4 Ne7 3. Nf3 d5 4. e5 g6 5. c3 Bg7 6. Qb3 O-O 7. Be2 b6 8. Ng5 Nd7 9. c4 Bb7 10. Qh3 h6 11. Nf3 c5 12. cxd5 Bxd5 13. Bxh6 Nf5 14. Bxg7 Kxg7 15. O-O Rh8 16. Qg4 Bxf3 17. Bxf3 Rc8 18. dxc5 Rxc5 19. Qg5 Nxe5 20. Qf4 Nxf3+ 21. gxf3 Rh4 22. Qd2 Rd5 23. Qc3+ e5 24. Na3 Qg5+ 25. Kh1 Ng3+ 26. Kg1 Ne2+ 27. Kh1 Nxc3 {White resigns} 0-1

[Event "FICS rated blitz game"]
[Site "FICS freechess.org"]
[FICSGamesDBGameNo "20002040"]
[White "jiml"]
[Black "JanisPelkovalis"]
[WhiteElo "1447"]
[BlackElo "1492"]
[WhiteRD "na"]
[BlackRD "na"]
[TimeControl "180+0"]
[Date "1999.09.23"]
[Time "17:06:00"]
[WhiteClock "0:03:00.000"]
[BlackClock "0:03:00.000"]
[ECO "C41"]
[PlyCount "124"]
[Result "0-1"]

1. e4 e5 2. Nf3 d6 3. Bc4 Be7 4. h3 Nf6 5. d3 O-O 6. a3 Nc6 7. Nc3 a6 8. Be3 b5 9. Ba2 Qe8 10. O-O Be6 11. Nd5 Nd8 12. Nxc7 Qc6 13. Nxa8 Qxa8 14. Nh2 Qc8 15. f4 h6 16. f5 Bxa2 17. Rxa2 Re8 18. Ra1 Nb7 19. Ng4 Nxg4 20. Qxg4 Kh8 21. Qg3 Bf6 22. Rac1 Nc5 23. b4 Na4 24. c4 bxc4 25. Rxc4 Qd7 26. Rfc1 Nb2 27. Bxh6 Nxc4 28. Rxc4 gxh6 29. Qe1 Rc8 30. Qc3 Rxc4 31. Qxc4 Kg8 32. Qxa6 Kf8 33. Qc4 Ke7 34. b5 Bg5 35. a4 Be3+ 36. Kf1 Qb7 37. a5 Ba7 38. a6 Qb6 39. Ke1 Qc5 40. Kd2 Qxc4 41. dxc4 Kd7 42. Ke2 Kc7 43. Kd3 Kb6 44. Kc3 Kc5 45. Kb3 Kd4 46. Kb4 Kxe4 47. Ka5 Kd4 48. b6 Bxb6+ 49. Kxb6 e4 50. a7 e3 51. a8=Q e2 52. Qd5+ Ke3 53. Qf3+ Kd2 54. Qf2 Kd1 55. Qxe2+ Kxe2 56. Kc6 d5 57. Kxd5 Ke3 58. c5 Kf4 59. c6 Kxf5 60. c7 f6 61. c8=Q+ Kf4 62. Qg4+ Ke3 {White forfeits on time} 0-1

[Event "FICS rated standard game"]
[Site "FICS freechess.org"]
[FICSGamesDBGameNo "20002039"]
[White "luxlogica"]
[Black "valmont"]
[WhiteElo "1774"]
[BlackElo "1831"]
[WhiteRD "na"]
[BlackRD "na"]
[TimeControl "900+12"]
[Date "1999.09.23"]
[Time "15:57:00"]
[WhiteClock "0:15:00.000"]
[BlackClock "0:15:00.000"]
[ECO "A58"]
[PlyCount "33"]
[Result "0-1"]

1. c4 Nf6 2. d4 c5 3. d5 b5 4. cxb5 a6 5. bxa6 Bxa6 6. Nf3 g6 7. g3 d6 8. Bg2 Bg7 9. O-O O-O 10. Bg5 Qb6 11. Qb3 Nbd7 12. Qxb6 Nxb6 13. Bxf6 Bxf6 14. Nc3 Rfb8 15. e4 Bxf1 16. Bxf1 Na4 17. Nxa4 {White resigns} 0-1

[Event "FICS rated blitz game"]
[Site "FICS freechess.org"]
[FICSGamesDBGameNo "20002038"]
[White "argowin"]
[Black "Benfica"]
[WhiteElo "1357"]
[BlackElo "1614"]
[WhiteRD "na"]
[BlackRD "na"]
[TimeControl "180+0"]
[Date "1999.09.23"]
[Time "14:39:00"]
[WhiteClock "0:03:00.000"]
[BlackClock "0:03:00.000"]
[ECO "D08"]
[PlyCount "65"]
[Result "1-0"]

1. d4 d5 2. c4 e5 3. dxe5 d4 4. a3 Nc6 5. Nf3 Bg4 6. Nbd2 h5 7. g3 g5 8. Bg2 h4 9. O-O hxg3 10. hxg3 d3 11. Ne4 dxe2 12. Qxe2 Be7 13. Rd1 Qc8 14. Nexg5 Qf5 15. Bf4 Rh5 16. Qd3 Nh6 17. Rd2 Qxd3 18. Rxd3 Nf5 19. Nh2 Nh6 20. Ne4 Bf5 21. g4 Bxe4 22. Bxe4 Rh4 23. Bxh6 Rxh6 24. f3 Rd8 25. Rad1 Rxd3 26. Rxd3 a6 27. Bxc6+ bxc6 28. b4 Re6 29. f4 f6 30. Re3 fxe5 31. Rxe5 Rxe5 32. fxe5 c5 33. b5 {Black forfeits on time} 1-0

[Event "FICS rated blitz game"]
[Site "FICS freechess.org"]
[FICSGamesDBGameNo "20002037"]
[White "snus"]
[Black "glomb"]
[WhiteElo "1612"]
[BlackElo "1709"]
[WhiteRD "na"]
[BlackRD "na"]
[TimeControl "120+12"]
[Date "1999.09.23"]
[Time "13:33:00"]
[WhiteClock "0:02:00.000"]
[BlackClock "0:02:00.000"]
[ECO "C70"]
[PlyCount "73"]
[Result "1-0"]

1. e4 e5 2. Nf3 Nc6 3. Bb5 a6 4. Ba4 Bc5 5. c3 Nf6 6. d3 d6 7. Bxc6+ bxc6 8. O-O Bg4 9. Be3 Bb6 10. Nbd2 Qd7 11. Bxb6 cxb6 12. d4 exd4 13. cxd4 O-O 14. Qc2 Rfe8 15. Rfe1 Re7 16. Re3 Rae8 17. Rae1 Bxf3 18. Rxf3 c5 19. dxc5 bxc5 20. Rg3 Nd5 21. Rd1 Nb4 22. Qc3 g6 23. a3 Nc6 24. f3 Nd4 25. Qe3 Qb5 26. Re1 d5 27. Rh3 Qxb2 28. Qh6 f6 29. Nf1 Qxa3 30. Ne3 Qb4 31. Rd1 Qb3 32. Rf1 Ne2+ 33. Kh1 dxe4 34. fxe4 Qf7 35. Ng4 Rf8 36. Nxf6+ Qxf6 37. Rhf3 {Black forfeits on time} 1-0